Unix NetHack Version 5.0.0-0 post-release - last build May  4 2026 22:22:43 (774f63e81ad911689b3a0859ea89b322d5daca8d,branch:main).

Game began 2026-05-08 15:54:20, ended 2026-05-08 16:39:46.

01245990302, chaotic female orcish Wizard

                                    --------             -----------
                                    |.%....|             |.........|
                                    |......|   ------   #-.%.......|
                                 ----......|   |.....:###|.........|
                                 |......-.--   |....|#@  |.{.......|
                                 |....>..#     |..?_|#e  ---.-------
       --------                  |......|#     |....|##     #
      |`...^...######            --------##    -.----#      #
      |..>....|     #                  ####    #### ##########
      |.......|     #                  #  #   ###      #
      ---------     #                 ##  ##  # #
                    #                 #    #### #
                    ####              #     ##
                       ###            #     ##
                         #          ###    ###
                         # ---------|--    #
                         # |.<........)#####
                         ##-..........|
                           ---------.--

01245990302 the Conjurer  St:10 Dx:10 Co:18 In:16 Wi:12 Ch:8  Chaotic
Dlvl:4  $:54 HP:0(39) Pw:34(34) AC:9  Xp:4 T:2350 

Latest messages:
 This door is locked.
 This door is locked.
 This door is locked.
 This door is locked.
 In what direction? 6
 Thwack!!
 In what direction? 6
 Thwack!!
 In what direction? 6
 As you kick the door, it crashes open!
 You hit the rock piercer!
 The rock piercer bites!
 You miss the rock piercer.
 You hit the rock piercer!
 The rock piercer turns to flee.
 You miss the rock piercer.
 You miss the rock piercer.
 You miss the rock piercer.
 You kill the rock piercer!
 There is a rock piercer corpse here; eat it? [ynq] (n) y
 This rock piercer corpse is tough.
 You stop eating the rock piercer corpse.
 You kill the grid bug!
 You miss the floating eye.
 You are frozen by the floating eye's gaze!
 The iguana bites!
 The iguana bites!
 The iguana bites!
 The iguana bites!
 The iguana bites!
 The iguana bites!
 The iguana bites!
 The iguana bites!
 The iguana bites!
 The iguana bites!
 The iguana bites!
 You hear the splashing of a naiad.
 The iguana bites!
 The iguana bites!
 The iguana bites!
 You hear bubbling water.
 The iguana bites!
 The iguana bites!
 The iguana bites!
 You die...
 Do you want your possessions identified? [ynq] (y) y
 Do you want to see your attributes? [ynq] (y) y
 Do you want an account of creatures vanquished? [ynaq] (y) y
 Do you want to see your conduct and achievements? [ynq] (y) y
 Do you want to see the dungeon overview? [ynq] (y) y

Inventory:
 Coins    ('$')
  $ - 54 gold pieces
 Weapons  (')')
  u - a +0 sling
  s - 10 +0 darts
  a - a blessed +1 quarterstaff (weapon in hands)
 Armor    ('[')
  b - an uncursed +0 cloak of magic resistance (being worn)
 Comestibles  ('%')
  q - an uncursed food ration
  x - an uncursed lembas wafer
  r - 2 uncursed pears
 Scrolls  ('?')
  i - an uncursed scroll of confuse monster
  k - an uncursed scroll of enchant weapon
  j - an uncursed scroll of punishment
 Spellbooks  ('+')
  l - a blessed spellbook of force bolt
  v - an uncursed spellbook of light
  m - an uncursed spellbook of stone to flesh
 Potions  ('!')
  t - an uncursed potion of booze
  g - an uncursed potion of enlightenment
  h - an uncursed potion of extra healing
  f - an uncursed potion of monster detection
  p - a cursed potion of paralysis
  z - an uncursed potion of sickness
 Rings    ('=')
  e - an uncursed +3 ring of gain constitution
  d - an uncursed ring of protection from shape changers
 Wands    ('/')
  c - a wand of cold (0:8)
 Tools    ('(')
  o - an uncursed blindfold
  n - a magic marker (0:21)
 Gems/Stones  ('*')
  y - an uncursed worthless piece of green glass
  A - an uncursed worthless piece of red glass

01245990302 the Wizard's attributes:

Background:
 You were a Conjurer, a level 4 female orcish Wizard.
 You were chaotic, nominally on a mission for Anhur
 who was opposed by Ptah (lawful) and Thoth (neutral).
 You were right-handed.
 You were in the Dungeons of Doom, on level 4.
 You entered the dungeon 2350 turns ago.
 You had 97 experience points, 63 more were needed to attain level 5.

Basics:
 You had 0 out of 39 hit points.
 You had all 34 energy points (spell power).
 Your armor class was 9.
 Your wallet contained 54 zorkmids.
 Autopickup was off.

Final Characteristics:
 Your strength was 10 (limit:18/50).
 Your dexterity was 10 (peak:11, limit:18).
 Your constitution was 18 (limit:18).
 Your intelligence was 16 (limit:16).
 Your wisdom was 12 (limit:16).
 Your charisma was 8 (limit:16).

Final Status:
 You weren't hungry.
 You were unencumbered.
 You were wielding a quarterstaff.
 You had basic skill with quarterstaff.

Final Attributes:
 You were piously aligned.
 You were magic-protected.
 You were poison resistant.
 You had infravision.
 You were warded.
 You are dead.

Miscellaneous:
 You didn't encounter any bones levels.
 Total elapsed playing time was 45 minutes and 25 seconds.

Major events:
 Turn
    1: 01245990302 the chaotic female orcish Wizard entered the dungeon
 1367: attained the rank of Conjurer (level 3)
 2350: killed by an iguana, while frozen by a floating eye's gaze

Spells:
 Name                 Level Category     Fail Retention
 force bolt             1   attack         0%   81%-90%
 stone to flesh         3   healing       96%  76%-100%

Skills:
 Fighting Skills
   bare handed combat [Unskilled]
   riding             [Unskilled]
 Weapon Skills
   dagger             [Unskilled]
   knife              [Unskilled]
   axe                [Unskilled]
   short sword        [Unskilled]
   club               [Unskilled]
   mace               [Unskilled]
   quarterstaff       [Basic]
   polearms           [Unskilled]
   spear              [Unskilled]
   trident            [Unskilled]
   sling              [Unskilled]
   dart               [Unskilled]
   shuriken           [Unskilled]
 Spellcasting Skills
   attack spells      [Basic]
   healing spells     [Unskilled]
   divination spells  [Unskilled]
   enchantment spells [Basic]
   clerical spells    [Unskilled]
   escape spells      [Unskilled]
   matter spells      [Unskilled]

Voluntary challenges:
 Character rerolling was not enabled.
 You were an atheist.
 You were illiterate.
 You never genocided any monsters.
 You never polymorphed an object.
 You never changed form.
 You used no wishes.
Achievement:
 You attained the rank of Conjurer.

 The Dungeons of Doom: levels 1 to 4
    Level 1:
       Many fountains, many trees.
    Level 2:
    Level 3:
       A fountain.
    Level 4: <- You were here.
       An altar, a fountain.
       Final resting place for
          you, killed by an iguana, while frozen by a floating eye's gaze.


Vanquished creatures:
  a wood nymph
  a rock piercer
  a shrieker
  a floating eye
  2 iguanas
  a hobbit
  a large kobold
  a brown mold
  a gecko
  5 jackals
  2 foxes
  a kobold
  5 grid bugs
  2 bats
  2 lichens
  2 newts
29 creatures vanquished.

No species were genocided or became extinct.

Game over:
                       ----------
                      /          \
                     /    REST    \
                    /      IN      \
                   /     PEACE      \
                  /                  \
                  |   01245990302    |
                  |      54 Au       |
                  |   killed by an   |
                  |      iguana      |
                  |                  |
                  |                  |
                  |       2026       |
                 *|     *  *  *      | *
        _________)/\\_//(\/(/\)/\//\/|_)_______

Goodbye 01245990302 the Wizard...

You died in The Dungeons of Doom on dungeon level 4 with 587 points,
and 54 pieces of gold, after 2350 moves.
You were level 4 with a maximum of 39 hit points when you died.

